[Event "Early Titled Tuesday Blitz | February 8 2022"]
[White "De Arruda, Leandro Formes"]
[Black "Sliwicki, Damian"]
[WhiteFideId "22722009"]
[BlackFideId "1127128"]
[WhiteElo "1780"]
[BlackElo "2084"]
[Result "0-1"]
[Round "04"]
[TimeControl "180+1"]
[Date "2022.02.08"]
[WhiteClock "0:00:05"]
[BlackClock "0:01:02"]

1. d4 Nf6 2. Nf3 c5 3. e3 cxd4 4. exd4 g6 5. g3 Bg7 6. Bg2 O-O 7. O-O d5 8. h3 Nc6 9. Kh2 Bf5 10. c3 Rc8 11. Nh4 Be4 12. f3 Bxb1 13. Rxb1 Qd7 14. Bf4 Nh5 15. Be3 e5 16. dxe5 Nxe5 17. f4 Nc4 18. Bd4 Rfe8 19. Bf3 Nf6 20. Bxf6 Ne3 21. Qd4 Nxf1+ 22. Rxf1 Rc4 23. Qxd5 Qxd5 24. Bxd5 Rc5 25. Bxg7 Rxd5 26. Bd4 Re2+ 27. Ng2 Rxb2 28. Kg1 Rxa2 29. Rb1 b6 30. Ne3 Rh5 31. h4 Rha5 32. Nc4 Ra1 33. Rxa1 Rxa1+ 34. Kg2 b5 35. Nd6 a6 36. Kf3 f5 37. h5 Ra3 38. Kf2 Rb3 39. hxg6 hxg6 40. Nb7 b4 41. c4 Rd3 42. Be3 b3 43. Nc5 Rc3 44. Na4 Rxc4 0-1


[Site "https://www.chess.com"]

[Event "Early Titled Tuesday Blitz | February 8 2022"]
[White "De Silva, L M S T"]
[Black "Grandelius, Nils"]
[WhiteFideId "9953698"]
[BlackFideId "1710400"]
[WhiteElo "1631"]
[BlackElo "2617"]
[Result "1/2-1/2"]
[Round "04"]
[TimeControl "180+1"]
[Date "2022.02.08"]
[WhiteClock "0:02:59"]
[BlackClock "0:02:31"]

1. e4 c5 2. Nf3 e6 3. d4 cxd4 4. Nxd4 a6 5. Be2 Nf6 6. Nc3 d6 7. a4 Nc6 8. Be3 Be7 9. O-O O-O 10. f4 Qc7 11. Qe1 Nxd4 12. Bxd4 e5 13. fxe5 dxe5 14. Qg3 Bc5 15. Bxc5 Qxc5+ 16. Kh1 Kh8 17. Rxf6 gxf6 18. Qh4 Rg8 19. Qxf6+ Rg7 20. Qd8+ Rg8 21. Qf6+ Rg7 22. Qd8+ Rg8 23. Qf6+ 1/2-1/2


[Site "https://www.chess.com"]

[Event "Early Titled Tuesday Blitz | February 8 2022"]
[White "Deac, Bogdan-Daniel"]
[Black "Alavkin, Arseny"]
[WhiteFideId "1226380"]
[BlackFideId "4120612"]
[WhiteElo "2646"]
[BlackElo "2391"]
[Result "1-0"]
[Round "04"]
[TimeControl "180+1"]
[Date "2022.02.08"]
[WhiteClock "0:00:40"]
[BlackClock "0:01:51"]

1. e4 e6 2. d4 d5 3. Nc3 Bb4 4. Ne2 dxe4 5. a3 Bxc3+ 6. Nxc3 Nc6 7. d5 exd5 8. Qxd5 Be6 9. Qxd8+ Rxd8 10. Bf4 f5 11. Nb5 Bf7 12. Bxc7 Rd7 13. Nd6+ Ke7 14. Nxf7 Kxf7 15. Bf4 h6 16. Rd1 Rxd1+ 17. Kxd1 Nge7 18. h4 g6 19. Bc4+ Kf6 20. Bd2 Rd8 21. Kc1 Nd4 22. Bxh6 Ne6 23. Rd1 Rxd1+ 24. Kxd1 Nc6 25. Bd2 Ke7 26. Bc3 Ned4 27. a4 a6 28. Kd2 b5 29. axb5 axb5 30. Bxd4 bxc4 31. Kc3 f4 32. Kxc4 Ke6 33. b4 Kf5 34. b5 Nd8 35. b6 Kg4 36. Kd5 Nb7 37. Kxe4 Nd6+ 38. Kd5 Nb7 39. c4 Kxh4 40. c5 Na5 41. c6 Nb3 42. c7 Kg4 43. c8=Q+ Kh4 44. Bf6+ Kh5 45. Qh3# 1-0


[Site "https://www.chess.com"]

[Event "Early Titled Tuesday Blitz | February 8 2022"]
[White "Demchenko, Anton"]
[Black "Shtyka, Sergey"]
[WhiteFideId "4160258"]
[BlackFideId "4138465"]
[WhiteElo "2539"]
[BlackElo "2014"]
[Result "1-0"]
[Round "04"]
[TimeControl "180+1"]
[Date "2022.02.08"]
[WhiteClock "0:00:32"]
[BlackClock "0:00:09"]

1. e4 c5 2. Nf3 d6 3. d4 cxd4 4. Nxd4 Nf6 5. Nc3 g6 6. Be3 Bg7 7. Be2 O-O 8. Qd2 Nc6 9. O-O-O Ng4 10. Bxg4 Bxg4 11. f3 Be6 12. Kb1 Rc8 13. h4 Ne5 14. b3 Nc6 15. Nce2 Qc7 16. h5 Bd7 17. hxg6 fxg6 18. Nb5 Qa5 19. Qxa5 Nxa5 20. Nxa7 Ra8 21. c4 Nc6 22. Nb5 Nb4 23. a4 Bxb5 24. cxb5 Rfc8 25. Rc1 Rxc1+ 26. Rxc1 Kf7 27. Rc7 Rb8 28. Nc1 d5 29. Bd2 dxe4 30. Bxb4 exf3 31. gxf3 Bf6 32. Nd3 h5 33. f4 h4 34. Ne5+ Bxe5 35. Rxe7+ Kf6 36. Rxe5 h3 37. Bc3 Kf7 38. Re2 Re8 39. Rh2 Re3 40. Kc2 Rg3 41. a5 Rg2+ 42. Rxg2 hxg2 43. Bd4 1-0


[Site "https://www.chess.com"]

[Event "Early Titled Tuesday Blitz | February 8 2022"]
[White "Di Nicolantonio, Lucas"]
[Black "Carre, Sylvain"]
[WhiteFideId "680460"]
[BlackFideId "642118"]
[WhiteElo "2381"]
[BlackElo "2105"]
[Result "1-0"]
[Round "04"]
[TimeControl "180+1"]
[Date "2022.02.08"]
[WhiteClock "0:00:10"]
[BlackClock "0:00:05"]

1. f4 d5 2. Nf3 Nf6 3. g3 c5 4. Bg2 Nc6 5. d3 Bf5 6. O-O e6 7. Nc3 Bg6 8. Nh4 Be7 9. e4 dxe4 10. dxe4 Qxd1 11. Rxd1 Nd4 12. Rd2 O-O-O 13. Nxg6 hxg6 14. e5 Ng4 15. Be4 Nf5 16. Rxd8+ Rxd8 17. Bd3 c4 18. Bxc4 Bc5+ 19. Kh1 Rh8 20. Kg2 Rxh2+ 21. Kf3 Ngh6 22. Ne4 Nd4+ 23. Ke3 Nxc2+ 24. Kd3 Nxa1 25. Nxc5 Rh3 26. Ne4 Nf5 27. Ng5 Rxg3+ 28. Ke2 Rg1 29. Bd2 Nc2 30. Nxf7 Ncd4+ 31. Kd3 Rg3+ 32. Ke4 Rg2 33. Bc3 b5 34. Bxd4 bxc4 35. Bc3 g5 36. Nxg5 Rg1 37. Nxe6 Ng3+ 38. Kd5 Ne2 39. f5 Nxc3+ 40. bxc3 g5 41. f6 Rf1 42. Nxg5 Kd7 43. e6+ Ke8 44. Ke5 Rg1 45. Kf5 Rf1+ 46. Kg6 Rg1 47. a4 a5 48. Kh6 Rh1+ 49. Kg7 Rg1 50. f7+ Kd8 51. f8=Q+ 1-0


[Site "https://www.chess.com"]

[Event "Early Titled Tuesday Blitz | February 8 2022"]
[White "Dobrov, Vladimir"]
[Black "Perez Gormaz, Matias"]
[WhiteFideId "4136594"]
[BlackFideId "3406342"]
[WhiteElo "2614"]
[BlackElo "2352"]
[Result "1-0"]
[Round "04"]
[TimeControl "180+1"]
[Date "2022.02.08"]
[WhiteClock "0:00:21"]
[BlackClock "0:00:07"]

1. d4 d5 2. c4 e6 3. Nc3 a6 4. cxd5 exd5 5. Nf3 c6 6. Bg5 Be7 7. h4 h6 8. Bf4 Bd6 9. e3 Bxf4 10. exf4 Qb6 11. Qd2 Bf5 12. Bd3 Ne7 13. O-O Bxd3 14. Qxd3 O-O 15. Rfe1 Re8 16. Re2 Nd7 17. Rae1 Kf8 18. h5 Nf6 19. Ne5 Rad8 20. g4 Ne4 21. Nxe4 dxe4 22. Rxe4 Nd5 23. Nd7+ 1-0


[Site "https://www.chess.com"]

[Event "Early Titled Tuesday Blitz | February 8 2022"]
[White "Domingo Nunez, Alejandro"]
[Black "Vakhlamov, Igor L."]
[WhiteFideId "22245561"]
[BlackFideId "24126748"]
[WhiteElo "2215"]
[BlackElo "2401"]
[Result "0-1"]
[Round "04"]
[TimeControl "180+1"]
[Date "2022.02.08"]
[WhiteClock "0:00:11"]
[BlackClock "0:01:26"]

1. Nf3 d5 2. g3 Nc6 3. d4 Bf5 4. Bg2 e6 5. O-O Be7 6. c4 Nb4 7. Na3 Nf6 8. Nh4 Be4 9. f3 Bg6 10. Nxg6 hxg6 11. e4 dxe4 12. fxe4 e5 13. d5 Bc5+ 14. Kh1 Nh5 15. Qf3 Qe7 16. Bd2 O-O-O 17. Nb5 a6 18. a3 Nc2 19. Rac1 Nd4 20. Nxd4 Bxd4 21. b4 Kb8 22. c5 f5 23. c6 fxe4 24. Qg4 e3 25. Bc3 e2 26. Rf3 e4 27. Rf7 Qxf7 28. Bxd4 Qxd5 29. Bg1 Qd1 30. Qg5 e1=Q 0-1


[Site "https://www.chess.com"]

[Event "Early Titled Tuesday Blitz | February 8 2022"]
[White "Dushyant Sharma"]
[Black "Williams, Simon K"]
[WhiteFideId "25065130"]
[BlackFideId "404454"]
[WhiteElo "2012"]
[BlackElo "2468"]
[Result "0-1"]
[Round "04"]
[TimeControl "180+1"]
[Date "2022.02.08"]
[WhiteClock "0:00:02"]
[BlackClock "0:01:25"]

1. e4 c5 2. Nf3 d6 3. d4 cxd4 4. Nxd4 Nf6 5. Nc3 g6 6. f4 Nbd7 7. Nf3 Qc7 8. Bd3 Bg7 9. O-O O-O 10. Qe1 Nc5 11. Kh1 a6 12. a4 b6 13. Qh4 Bb7 14. f5 gxf5 15. exf5 Kh8 16. Bh6 Rg8 17. Ng5 Raf8 18. Rae1 Bxh6 19. Qxh6 Rxg5 20. Qxg5 Rg8 21. Qf4 Rxg2 22. Rf3 Rg4 23. Qe3 Nxd3 24. cxd3 Qc5 25. d4 Qxd4 26. h3 Rg3 0-1


[Site "https://www.chess.com"]

[Event "Early Titled Tuesday Blitz | February 8 2022"]
[White "Dylag, Emilia"]
[Black "Vovk, Orest"]
[WhiteFideId "21805172"]
[BlackFideId "14113490"]
[WhiteElo "1932"]
[BlackElo "2203"]
[Result "0-1"]
[Round "04"]
[TimeControl "180+1"]
[Date "2022.02.08"]
[WhiteClock "0:01:19"]
[BlackClock "0:02:21"]

1. d4 e5 2. dxe5 Nc6 3. Nf3 Qe7 4. Qd5 h6 5. Nc3 a6 6. g3 g5 7. Bg2 Bg7 8. O-O Nxe5 9. Nxe5 Bxe5 10. e4 Nf6 11. Qd3 d6 12. Nd5 Nxd5 13. exd5 g4 14. f3 gxf3 15. Bxf3 Bh3 16. Bg2 Bxg2 17. Kxg2 O-O-O 18. Bd2 Kb8 19. c4 h5 20. Qc3 Bxc3 0-1


[Site "https://www.chess.com"]

[Event "Early Titled Tuesday Blitz | February 8 2022"]
[White "Dzhaparov, Medet"]
[Black "Wagner, Dennis"]
[WhiteFideId "13803689"]
[BlackFideId "24650684"]
[WhiteElo "1702"]
[BlackElo "2355"]
[Result "0-1"]
[Round "04"]
[TimeControl "180+1"]
[Date "2022.02.08"]
[WhiteClock "0:01:16"]
[BlackClock "0:00:25"]

1. e4 c5 2. Nf3 Nc6 3. d4 cxd4 4. Nxd4 e5 5. Nb5 d6 6. N1c3 a6 7. Na3 b5 8. Nd5 Nf6 9. Bg5 Be7 10. c3 O-O 11. Nxe7+ Qxe7 12. Bd3 h6 13. Bh4 Bb7 14. O-O Qe6 15. Nc2 Ne7 16. f3 Ng6 17. Bg3 Nh5 18. Bf2 Nhf4 19. Ne3 Rfd8 20. Nf5 d5 21. Qc2 Nxd3 22. Nxh6+ gxh6 23. Qxd3 dxe4 24. Qe3 exf3 25. Qxh6 fxg2 26. Rfe1 Nf4 27. Qg5+ Qg6 28. Qh4 Rd3 29. Bg3 Qb6+ 30. Bf2 Qf6 31. Qg4+ Qg7 32. Qxg7+ Kxg7 33. h4 Nh3+ 34. Kh2 Nxf2 35. Rxe5 Ng4+ 36. Kg1 Nxe5 37. Re1 Ng4 0-1


[Site "https://www.chess.com"]

[Event "Early Titled Tuesday Blitz | February 8 2022"]
[White "Erigaisi Arjun"]
[Black "Martinez Alcantara, Jose Eduardo"]
[WhiteFideId "35009192"]
[BlackFideId "3805662"]
[WhiteElo "2745"]
[BlackElo "2690"]
[Result "1-0"]
[Round "04"]
[TimeControl "180+1"]
[Date "2022.02.08"]
[WhiteClock "0:00:03"]
[BlackClock "0:00:07"]

1. c4 c5 2. Nf3 Nc6 3. Nc3 Nf6 4. e3 e6 5. d4 cxd4 6. exd4 d5 7. c5 Be7 8. Bb5 O-O 9. O-O Nd7 10. Bf4 a6 11. Ba4 b5 12. Bc2 b4 13. Ne2 a5 14. Re1 Ba6 15. Ng3 g6 16. Ba4 Qc8 17. Qd2 Qb7 18. Bd6 Rfe8 19. Bxe7 Rxe7 20. Qh6 Bb5 21. Bc2 f6 22. Re3 Nf8 23. Qf4 Rf7 24. Rae1 e5 25. dxe5 fxe5 26. Qh6 e4 27. Ng5 Nd4 28. Nxf7 Qxf7 29. Bb3 Nxb3 30. axb3 Ne6 31. Nxe4 dxe4 32. Rxe4 Rf8 33. Qe3 Nf4 34. Re7 Qd5 35. f3 Bc6 36. Qe5 Qxe5 37. R1xe5 Rd8 38. Re3 Rd2 39. Rc7 Rxg2+ 40. Kh1 Rc2 41. h4 Bd5 42. Re8# 1-0


[Site "https://www.chess.com"]

[Event "Early Titled Tuesday Blitz | February 8 2022"]
[White "Estrada Nieto, Julian"]
[Black "Dovbnia, Nikita"]
[WhiteFideId "5101018"]
[BlackFideId "54104599"]
[WhiteElo "2246"]
[BlackElo "2111"]
[Result "1-0"]
[Round "04"]
[TimeControl "180+1"]
[Date "2022.02.08"]
[WhiteClock "0:00:28"]
[BlackClock "0:00:17"]

1. e4 c5 2. Nf3 Nc6 3. Bb5 g6 4. Bxc6 dxc6 5. d3 Bg7 6. h3 Nf6 7. Nc3 O-O 8. Be3 b6 9. Qd2 Re8 10. O-O Ba6 11. a4 c4 12. d4 Nxe4 13. Nxe4 c3 14. Nxc3 Bxf1 15. Rxf1 e5 16. Nxe5 Bxe5 17. dxe5 Qxd2 18. Bxd2 Rxe5 19. Bf4 Re6 20. Rd1 Rae8 21. Be3 h5 22. Rd7 R6e7 23. Rxe7 Rxe7 24. Kf1 Rd7 25. Ke2 f5 26. h4 Kf7 27. Bf4 Ke6 28. Ke3 Kf6 29. Ke2 Ke6 30. g3 Rd4 31. b3 Rd7 32. Be3 Ke5 33. Ke1 c5 34. Ne2 Kf6 35. Bg5+ Kf7 36. Nf4 Rc7 37. c4 Rd7 38. Nd5 Ke6 39. Ke2 Rd6 40. Bf4 Rd7 41. Ke3 Kf7 42. Be5 Ke6 43. Kf4 Kf7 44. Kg5 Ke6 45. Bc3 Kf7 46. Kf4 Ke6 47. Bb2 Kf7 48. Ke5 Rb7 49. Kd6 Rb8 50. Be5 Rd8+ 51. Kc7 Re8 52. f4 Re6 53. Kb7 Rd6 54. Kxa7 Rd7+ 55. Kxb6 Ke6 56. Kxc5 Rb7 57. b4 Ra7 58. a5 Rb7 59. a6 Ra7 60. b5 Rh7 61. b6 1-0


[Site "https://www.chess.com"]

[Event "Early Titled Tuesday Blitz | February 8 2022"]
[White "Ezat, Mohamed"]
[Black "Manukian, Artak"]
[WhiteFideId "10600906"]
[BlackFideId "13301373"]
[WhiteElo "2386"]
[BlackElo "2419"]
[Result "1-0"]
[Round "04"]
[TimeControl "180+1"]
[Date "2022.02.08"]
[WhiteClock "0:00:31"]
[BlackClock "0:01:01"]

1. d4 Nf6 2. Nf3 e6 3. e3 d5 4. Bd3 c5 5. b3 Nc6 6. O-O cxd4 7. exd4 Be7 8. Bb2 O-O 9. Nbd2 Bd7 10. Re1 Rc8 11. a3 a6 12. Re3 b5 13. Ne5 Nxe5 14. dxe5 Ne8 15. Bxh7+ Kxh7 16. Rh3+ Kg8 17. Qh5 f5 18. Qh7+ Kf7 19. Qh5+ g6 20. Qh7+ Ng7 21. Rg3 Rg8 22. Rxg6 Rxc2 23. Bd4 Rxd2 24. Be3 Rc2 25. Bh6 Qf8 26. h4 Bxh4 27. g4 Bxf2+ 28. Kf1 Bh4 29. g5 Bxg5 30. Bxg5 Qc5 31. Rf6+ Ke8 32. Qxg8+ 1-0


[Site "https://www.chess.com"]

[Event "Early Titled Tuesday Blitz | February 8 2022"]
[White "FGHSMN"]
[Black "Ozkan, Taha"]
[BlackFideId "34577173"]
[WhiteElo "2768"]
[BlackElo "2024"]
[Result "1-0"]
[Round "04"]
[TimeControl "180+1"]
[Date "2022.02.08"]
[WhiteClock "0:00:38"]
[BlackClock "0:01:07"]

1. b3 e5 2. Bb2 e4 3. c4 f5 4. e3 Nf6 5. Nc3 c6 6. d3 d5 7. cxd5 cxd5 8. dxe4 fxe4 9. Bb5+ Nc6 10. Nge2 Bd6 11. O-O Bg4 12. h3 Be6 13. Nd4 Bd7 14. Be2 O-O 15. Ndb5 Bb8 16. Nxd5 Ne5 17. Nxf6+ Qxf6 18. Qxd7 Nxd7 19. Bxf6 Nxf6 20. Rfd1 Be5 21. Rac1 Rfd8 22. Rxd8+ Rxd8 23. Nxa7 Rd2 24. Bc4+ Kf8 25. a4 g5 26. g4 Nd7 27. Be6 Nb6 28. Bf5 Rb2 29. Bxe4 Rxb3 30. Bxb7 Nxa4 31. Be4 Nc3 32. Bf3 Rb2 33. Nc6 Bf6 34. Ra1 Na2 35. Rd1 Nc3 36. Rd7 h6 37. Rd6 Kf7 38. Bd5+ Nxd5 39. Rxd5 Ke6 40. Rd1 Kf7 41. Nd4 Ra2 42. Nf5 Kg6 43. Rd6 h5 44. Ng3 hxg4 45. Ne4 Kf5 46. Nxf6 gxh3 47. Nh5 Kg4 48. Ng3 h2+ 49. Kg2 Rc2 50. Rd4# 1-0


[Site "https://www.chess.com"]

[Event "Early Titled Tuesday Blitz | February 8 2022"]
[White "Fajdetic, Hrvoje"]
[Black "Praslov, Andrey"]
[WhiteFideId "14501945"]
[BlackFideId "4147863"]
[WhiteElo "2140"]
[BlackElo "2382"]
[Result "1-0"]
[Round "04"]
[TimeControl "180+1"]
[Date "2022.02.08"]
[WhiteClock "0:00:51"]
[BlackClock "0:00:06"]

1. d4 Nf6 2. Bf4 d5 3. e3 Bf5 4. c4 e6 5. Nc3 Nc6 6. Qb3 Rb8 7. cxd5 exd5 8. Bb5 Bb4 9. Qxb4 a6 10. Bxc6+ bxc6 11. Qa3 Bd3 12. Nge2 Qd7 13. O-O Rg8 14. Rfe1 g5 15. Be5 Ng4 16. Ng3 f6 17. Nxd5 cxd5 18. Qxd3 fxe5 19. dxe5 Rxb2 20. f3 Nxe5 21. Qd4 Nc4 22. e4 Kd8 23. exd5 Qb5 24. Rac1 Nd6 25. Qf6+ Kc8 26. Qxd6 Rg7 27. Qf8+ 1-0


[Site "https://www.chess.com"]

[Event "Early Titled Tuesday Blitz | February 8 2022"]
[White "Farmani Anosheh, Armin"]
[Black "Jaferian, Koosha"]
[WhiteFideId "24613240"]
[BlackFideId "12507440"]
[WhiteElo "2289"]
[BlackElo "2027"]
[Result "0-1"]
[Round "04"]
[TimeControl "180+1"]
[Date "2022.02.08"]
[WhiteClock "0:00:39"]
[BlackClock "0:00:36"]

1. e4 c6 2. d4 d5 3. e5 Bf5 4. h4 h5 5. Bd3 Bxd3 6. Qxd3 Qa5+ 7. Nd2 e6 8. Nf3 Nd7 9. O-O Ne7 10. b3 Nf5 11. c4 Be7 12. a4 Nxh4 13. Nxh4 Bxh4 14. Ba3 Qd8 15. b4 Be7 16. b5 O-O 17. Bxe7 Qxe7 18. c5 g6 19. Rab1 Rab8 20. Rb2 Kg7 21. Rfb1 Qg5 22. Nb3 h4 23. Na5 Rh8 24. Qe3 Qg4 25. bxc6 bxc6 26. Nxc6 Rxb2 27. Rxb2 h3 28. f3 Qg3 29. Qf2 Qf4 30. g3 h2+ 31. Kg2 h1=Q# 0-1


[Site "https://www.chess.com"]

[Event "Early Titled Tuesday Blitz | February 8 2022"]
[White "Fawzy, Adham"]
[Black "Xiong, Jeffery"]
[WhiteFideId "10613129"]
[BlackFideId "2047640"]
[WhiteElo "2510"]
[BlackElo "2727"]
[Result "1/2-1/2"]
[Round "04"]
[TimeControl "180+1"]
[Date "2022.02.08"]
[WhiteClock "0:00:18"]
[BlackClock "0:00:30"]

1. e4 c6 2. d4 d5 3. exd5 cxd5 4. c4 Nf6 5. Nc3 g6 6. Qb3 Bg7 7. cxd5 O-O 8. Be2 Na6 9. Bf3 b5 10. Nge2 Rb8 11. Bf4 Rb6 12. O-O Bb7 13. Nxb5 Bxd5 14. Bxd5 Nxd5 15. Bd2 Nac7 16. a4 a6 17. Ba5 Rb7 18. Bxc7 Nxc7 19. Qf3 Qd5 20. Nxc7 Qxf3 21. gxf3 Rxc7 22. Rfc1 Rb7 23. Ra2 Rfb8 24. Rc6 Rxb2 25. Rxb2 Rxb2 26. Rc8+ Bf8 27. Nc3 Rc2 28. Rc7 e6 29. Nd5 Ra2 30. Nf6+ Kg7 31. Ne8+ Kg8 32. Nf6+ Kg7 33. Ne8+ Kg8 34. Nf6+ 1/2-1/2


[Site "https://www.chess.com"]

[Event "Early Titled Tuesday Blitz | February 8 2022"]
[White "Funderburg, John T"]
[Black "Muradov, Soltan"]
[WhiteFideId "2004992"]
[BlackFideId "14002108"]
[WhiteElo "2021"]
[BlackElo "1854"]
[Result "0-1"]
[Round "04"]
[TimeControl "180+1"]
[Date "2022.02.08"]
[WhiteClock "0:00:02"]
[BlackClock "0:02:02"]

1. d4 Nf6 2. Nf3 e6 3. e3 b6 4. Bd3 Bb7 5. Nbd2 c5 6. b3 Nc6 7. Bb2 Be7 8. O-O O-O 9. a3 d5 10. Ne5 Nxe5 11. dxe5 Nd7 12. f4 f6 13. Qh5 f5 14. g4 g6 15. Qh3 Re8 16. Nf3 Nf8 17. Bb5 Qc7 18. Bxe8 Rxe8 19. gxf5 exf5 20. Rad1 Ne6 21. Nh4 d4 22. Nxf5 gxf5 23. Qxf5 Qc6 24. e4 Rf8 25. Qg4+ Kh8 26. Qf3 Rxf4 27. Qxf4 Nxf4 28. Rxf4 Bg5 29. Rg4 Be3+ 30. Kg2 h5 0-1


[Site "https://www.chess.com"]

[Event "Early Titled Tuesday Blitz | February 8 2022"]
[White "Gabrielian, Artur"]
[Black "Dilmukhametov, Artur"]
[WhiteFideId "4131002"]
[BlackFideId "24179922"]
[WhiteElo "2440"]
[BlackElo "2266"]
[Result "1-0"]
[Round "04"]
[TimeControl "180+1"]
[Date "2022.02.08"]
[WhiteClock "0:01:20"]
[BlackClock "0:00:30"]

1. e4 c5 2. Nc3 Nc6 3. Bb5 Nd4 4. Nf3 Nxb5 5. Nxb5 g6 6. d4 Bg7 7. dxc5 Qa5+ 8. Nc3 Qxc5 9. O-O d6 10. Be3 Qa5 11. Bd4 Nf6 12. Nd5 O-O 13. Nxe7+ Kh8 14. Re1 Bg4 15. h3 Be6 16. Bc3 Qc7 17. Nd5 Bxd5 18. exd5 Qc5 19. Re7 b5 20. Ng5 Qxd5 21. Nxf7+ Kg8 22. Nxd6 Rad8 23. Rxg7+ Kh8 24. Qxd5 Nxd5 25. Rd7+ Nxc3 26. Rxd8 1-0


[Site "https://www.chess.com"]

[Event "Early Titled Tuesday Blitz | February 8 2022"]
[White "Gaehwiler, Gabriel"]
[Black "Loy, Konstantin"]
[WhiteFideId "1314530"]
[BlackFideId "14122499"]
[WhiteElo "2383"]
[BlackElo "2084"]
[Result "1-0"]
[Round "04"]
[TimeControl "180+1"]
[Date "2022.02.08"]
[WhiteClock "0:00:56"]
[BlackClock "0:00:04"]

1. Nf3 c5 2. e3 g6 3. c4 Bg7 4. d4 Nf6 5. Be2 O-O 6. Kf1 d5 7. Nc3 cxd4 8. exd4 Nc6 9. h3 Bf5 10. Be3 Rc8 11. c5 Ne4 12. Rc1 Nxc3 13. Rxc3 Qd7 14. Kg1 Rfd8 15. Kh2 e5 16. Qd2 e4 17. Ne1 Qc7+ 18. Kg1 Be6 19. Nc2 a5 20. b3 Rf8 21. g3 Qd7 22. a3 Bxh3 23. Bf4 h5 24. b4 axb4 25. axb4 Bg4 26. Bb5 Bf3 27. Rh2 Qf5 28. Ne3 Qe6 29. Nc2 Ra8 30. Rh4 Ra2 31. Be3 Bf6 32. Rf4 Bg5 33. Rxf3 exf3 34. Bxg5 Re8 35. Bf1 Qg4 36. Qf4 Qxf4 37. Bxf4 Re4 38. Be3 Rb2 39. b5 Nb4 40. Nxb4 Rxb4 41. c6 bxc6 42. bxc6 Re8 43. Rc5 Rc8 44. c7 Rb7 45. Bf4 Rcxc7 46. Rxc7 1-0


[Site "https://www.chess.com"]

[Event "Early Titled Tuesday Blitz | February 8 2022"]
[White "Garriga Cazorla, Pere"]
[Black "Kiolbasa, Oliwia"]
[WhiteFideId "32011601"]
[BlackFideId "1154613"]
[WhiteElo "2458"]
[BlackElo "2190"]
[Result "1-0"]
[Round "04"]
[TimeControl "180+1"]
[Date "2022.02.08"]
[WhiteClock "0:00:17"]
[BlackClock "0:00:17"]

1. d4 d5 2. c4 e6 3. Nf3 Nf6 4. g3 dxc4 5. Bg2 c5 6. O-O Nc6 7. dxc5 Qxd1 8. Rxd1 Bxc5 9. Nbd2 c3 10. bxc3 O-O 11. Nb3 Be7 12. Nfd4 Bd7 13. Nb5 Rfd8 14. Bf4 e5 15. Bg5 Rac8 16. c4 Be6 17. c5 Bxb3 18. Rxd8+ Rxd8 19. axb3 Bxc5 20. Rc1 Bb6 21. Bxc6 bxc6 22. Rxc6 Bxf2+ 23. Kxf2 Ne4+ 24. Ke3 Nxg5 25. Nxa7 Rb8 26. b4 h5 27. b5 Kf8 28. Kd3 Ke7 29. Kc4 Kd7 30. Kd5 f6 31. b6 Rb7 32. Rd6+ Ke8 33. Kc6 Ne4 34. Rd1 Rb8 35. b7 Nc5 36. Kxc5 Rxb7 37. Nb5 Ke7 38. Ra1 Ke6 39. e4 g6 40. Ra6+ Ke7 41. Ra7 Rxa7 42. Nxa7 Ke6 43. Kc4 f5 44. Kd3 Kf6 45. Ke3 Kg5 46. Nc6 Kg4 47. Nxe5+ Kh3 48. Nxg6 fxe4 49. Kxe4 Kxh2 50. Kf4 Kh3 51. Nh4 Kh2 52. Nf5 Kh3 53. Kg5 h4 54. gxh4 1-0


[Site "https://www.chess.com"]

[Event "Early Titled Tuesday Blitz | February 8 2022"]
[White "Gelman, Alexander"]
[Black "Osmak, Yuliia"]
[WhiteFideId "4118316"]
[BlackFideId "14101602"]
[WhiteElo "2375"]
[BlackElo "2302"]
[Result "1-0"]
[Round "04"]
[TimeControl "180+1"]
[Date "2022.02.08"]
[WhiteClock "0:00:06"]
[BlackClock "0:00:01"]

1. d4 Nf6 2. Nc3 d5 3. Bf4 c5 4. e3 cxd4 5. exd4 a6 6. Nf3 Nc6 7. Ne5 e6 8. Qd2 Bb4 9. f3 Bd7 10. a3 Ba5 11. g4 O-O 12. h4 Rc8 13. h5 Ne8 14. g5 f6 15. Nxd7 Qxd7 16. g6 h6 17. O-O-O Bxc3 18. Qxc3 Nd6 19. Qe1 Nf5 20. Bh3 Ncxd4 21. c3 Nxf3 22. Qe2 N3d4 23. Qd3 Nb3+ 24. Kb1 Nc5 25. Qf3 Qb5 26. Bxf5 exf5 27. Rxd5 Qc4 28. Rhd1 Qe4+ 29. Qxe4 Nxe4 30. Rd7 b5 31. Rb7 Rcd8 32. Rxd8 Rxd8 33. Ra7 Nf2 34. Rxa6 Nh3 35. Bc7 Rc8 36. Rb6 f4 37. Rxb5 f3 38. Bg3 f2 39. Rf5 Re8 40. Bxf2 Re2 41. Bd4 1-0


[Site "https://www.chess.com"]

[Event "Early Titled Tuesday Blitz | February 8 2022"]
[White "Goldin, Roman"]
[Black "Jain Kashish Manoj"]
[WhiteFideId "2803860"]
[BlackFideId "35081098"]
[WhiteElo "2312"]
[BlackElo "1681"]
[Result "0-1"]
[Round "04"]
[TimeControl "180+1"]
[Date "2022.02.08"]
[WhiteClock "0:00:01"]
[BlackClock "0:00:03"]

1. e4 d6 2. d4 Nf6 3. Nc3 g6 4. Nf3 Bg7 5. g3 O-O 6. Bg2 Nc6 7. h3 e5 8. Be3 Re8 9. O-O Nd7 10. d5 Ne7 11. Kh2 h6 12. Ne1 f5 13. f4 fxe4 14. Nxe4 Nf5 15. Bd2 exf4 16. Bxf4 Bxb2 17. Nd3 Bg7 18. Qd2 Bxa1 19. Rxa1 Nf6 20. Ndf2 g5 21. Re1 Nxe4 22. Nxe4 gxf4 23. Nf6+ Qxf6 24. Rxe8+ Kf7 25. Re4 fxg3+ 26. Kg1 Bd7 27. c3 Re8 28. Rf4 Kg6 29. Be4 Qg5 30. Rg4 Rxe4 31. Rxg5+ hxg5 32. Kg2 Rf4 33. Qd3 Kf6 34. Kg1 Nh4 35. Qxg3 Nf3+ 36. Kg2 Ne5 37. Qe3 Bf5 0-1


[Site "https://www.chess.com"]

[Event "Early Titled Tuesday Blitz | February 8 2022"]
[White "Golsta, Madara"]
[Black "Haukenfrers, Dale"]
[WhiteFideId "11607386"]
[BlackFideId "2603780"]
[WhiteElo "1997"]
[BlackElo "1981"]
[Result "0-1"]
[Round "04"]
[TimeControl "180+1"]
[Date "2022.02.08"]
[WhiteClock "0:00:01"]
[BlackClock "0:00:11"]

1. e4 c6 2. d4 d5 3. exd5 cxd5 4. c4 Nf6 5. Nc3 Nc6 6. Nf3 Bg4 7. Be3 e6 8. c5 Be7 9. h3 Bh5 10. Qb3 Qc7 11. g4 Bg6 12. Be2 O-O 13. Nh4 b6 14. cxb6 axb6 15. Nxg6 fxg6 16. O-O-O Kh8 17. Kb1 Na5 18. Qc2 Rfc8 19. Bd3 Nc4 20. h4 b5 21. Bxc4 bxc4 22. h5 gxh5 23. g5 Ng4 24. Rxh5 Kg8 25. Qxh7+ Kf7 26. g6+ Ke8 27. Qxg7 Nxe3 28. fxe3 Rcb8 29. Re5 Qb6 30. Qg8+ Kd7 31. Qxe6+ Qxe6 32. Rxe6 Kxe6 33. Rg1 Rg8 34. g7 Bb4 35. Rg6+ Ke7 36. Nxd5+ Kf7 37. Rf6+ Kxg7 38. Rc6 Rab8 39. Rxc4 Bd2 40. Kc2 Be1 41. b4 Rgc8 0-1


[Site "https://www.chess.com"]